 Dungeon Crawl Stone Soup version 0.29.0-4-gdea44cf6ec (webtiles) character file.

Game seed: 9411257788057031229

54 qw the Chopper (level 3, -3/21 HPs)
             Began as a Tengu Warper on Aug 28, 2022.
             Killed from afar by an orc wizard (4 damage)
             ... with a magic dart
             ... on level 3 of the Dungeon.
             The game lasted 00:00:10 (2362 turns).

qw the Chopper (Tengu Warper)                       Turns: 2362, Time: 00:00:11

Health: -3/21      AC:  5    Str: 13    XL:     3   Next: 91%
Magic:  7/7        EV: 11    Int: 13    God:
Gold:   116        SH:  0    Dex: 13    Spells: 6/6 levels left

rFire   . . .      SeeInvis .   Y - +0 hand axe (vorpal)
rCold   . . .      Faith    .   (no shield)
rNeg    + . .      Spirit   .   d - +0 ring mail
rPois   .          Reflect  .   (helmet restricted)
rElec   .          Harm     .   (no cloak)
rCorr   .          Rampage  .   (no gloves)
Will    .....                   (boots unavailable)
Stlth   +.........              (no amulet)
HPRegen 0.07/turn               i - ring of positive energy
MPRegen 0.10/turn               (no ring)

@: no status effects
A: beak, talons 3
a: no special abilities


You were on level 3 of the Dungeon.
You visited 1 branch of the dungeon, and saw 3 of its levels.

You collected 116 gold pieces.


Innate Abilities, Weirdness & Mutations

You have a beak for a mouth.
You have claws for feet.


   Skills:
 - Level 2.0 Fighting
 + Level 4.5 Axes
 - Level 1.0 Throwing
 - Level 1.1 Armour
 - Level 2.1 Dodging
 - Level 2.0 Spellcasting
 - Level 2.4 Translocations


You had 6 spell levels left.
You didn't know any spells.
Your spell library contained the following spells:

 Spells                   Type           Power      Damage    Failure   Level
 Blink                    Tloc           14%        N/A       30%         2
 Gell's Gravitas          Tloc           7%         N/A       52%         3
 Lesser Beckoning         Tloc           7%         N/A       52%         3
 Teleport Other           Tloc           7%         N/A       52%         3
 Manifold Assault         Tloc           7%         N/A       99%         5

Inventory:

Hand Weapons
 m - a +0 morningstar
 Y - a +0 vorpal hand axe (weapon)
Armour
 d - a +0 ring mail (worn)
 g - a +0 chain mail
Jewellery
 i - a ring of positive energy (left hand)
 j - a ring of poison resistance
Scrolls
 e - a scroll of magic mapping {unknown}
 f - a scroll of identify {unknown}
 h - a scroll of enchant weapon {unknown}
 k - a scroll of immolation {unknown}
 n - a scroll of noise {unknown}
Potions
 a - a potion of haste
 b - a potion of mutation {unknown}
 c - a potion of curing {unknown}
 l - a potion of resistance {unknown}

Dungeon Overview and Level Annotations

Branches:
Dungeon (3/15)

Altars:
Vehumet


Message History

You barely miss the orc wizard.
You claw the orc wizard, but do no damage.
The orc wizard is heavily wounded.
You barely miss the orc. The orc wizard casts a spell at you.
The puff of flame misses you. The orc hits you with a +0 war axe.
You miss the orc wizard.
You peck the orc wizard, but do no damage.
Your punch misses the orc wizard.
The orc wizard is heavily wounded.
You hit the orc.
The orc wizard points at you and mumbles some strange words.
The puff of flame hits you. The orc hits you with a +0 war axe.
You hit the orc but do no damage. Your kick misses the orc.
The orc is severely wounded.
You closely miss the orc. You hit the orc wizard.
The orc wizard barely misses you. The orc hits you but does no damage.
The orc closely misses you.
You barely miss the orc wizard.
You claw the orc wizard, but do no damage.
The orc wizard is severely wounded.
You barely miss the orc. You hit the orc but do no damage.
The orc wizard hits you but does no damage.
The orc barely misses you. The orc closely misses you.
You closely miss the orc wizard. Your kick misses the orc wizard.
You peck the orc wizard.
The orc wizard is severely wounded.
You hit the orc but do no damage. x2
The orc wizard mumbles some strange words.
The orc wizard flickers and vanishes!
Deactivating autopickup; reactivate with Ctrl-A.
The orc closely misses you. x2
You hit the orc.
You kill the orc!
You hit something but do no damage. You hit the orc but do no damage.
The orc hits you but does no damage.
You hear some strange, mumbled words.
A magic dart appears from out of thin air!
The magic dart hits you.
You die...

############# #########
#.[.........# ##.......#
#...........#
.........####...........#
.........'........>.....#
........?####...........#
##.......# ######.######
#.......# #.# #...!..@#
#.. #.....o{)....# ....
#####........# #........#
#........# #........#
#........# #...$....#


You could see an orc.

Vanquished Creatures
  An adder (D:2)
  A worm (D:2)
  A dart slug (D:1)
  An orc (D:3)
  7 endoplasms
  4 giant cockroaches
  4 hobgoblins
  2 quokkas (D:1)
  2 ball pythons
  A bat (D:2)
  2 frilled lizards
  5 kobolds
  7 rats
38 creatures vanquished.

Notes
Turn   | Place    | Note
-------+----------+-------------------------------------------
     0 | D:1      | qw the Tengu Warper began the quest for the Orb.
     0 | D:1      | Reached XP level 1. HP: 12/12 MP: 4/4
     0 | D:1      | 0 ||| qw: Version: 0.1-a-89-g26bdef1
     0 | D:1      | 0 ||| qw: Game counter: 2400
     0 | D:1      | 0 ||| qw: Always use a shield: true
     0 | D:1      | 0 ||| qw: God list: Okawaru
     0 | D:1      | 0 ||| qw: Allow faded altars: false
     0 | D:1      | 0 ||| qw: Do Orc after D:15 true
     0 | D:1      | 0 ||| qw: Do second Lair branch before Depths: true
     0 | D:1      | 0 ||| qw: Lair rune preference: random
     0 | D:1      | 0 ||| qw: Plans: Normal
     0 | D:1      | 0 ||| PLANNING D:1-11
   305 | D:1      | Reached skill level 3 in Axes
   305 | D:1      | Reached XP level 2. HP: 11/17 MP: 6/6
   422 | D:1      | 422 ||| Stepping ~*~*~tactically~*~*~ (stealth).
   423 | D:1      | 423 ||| Stepping ~*~*~tactically~*~*~ (stealth).
   551 | D:1      | 551 ||| Stepping ~*~*~tactically~*~*~ (stealth).
   552 | D:1      | 552 ||| Stepping ~*~*~tactically~*~*~ (stealth).
   553 | D:1      | 553 ||| Stepping ~*~*~tactically~*~*~ (stealth).
   554 | D:1      | 554 ||| Stepping ~*~*~tactically~*~*~ (stealth).
   555 | D:1      | 555 ||| Stepping ~*~*~tactically~*~*~ (stealth).
   593 | D:1      | 593 ||| Stepping ~*~*~tactically~*~*~ (stealth).
   595 | D:1      | 595 ||| Stepping ~*~*~tactically~*~*~ (stealth).
   947 | D:1      | 947 ||| Stepping ~*~*~tactically~*~*~ (hiding).
   950 | D:1      | 950 ||| Stepping ~*~*~tactically~*~*~ (hiding).
  1172 | D:1      | 1172 ||| UPGRADING to ring of positive energy.
  1173 | D:1      | 1173 ||| READING scroll labelled QAKAETZIAMIO.
  1174 | D:1      | 1174 ||| READING scroll labelled XORAYS XYGUY.
  1175 | D:1      | 1175 ||| READING scroll labelled BOJORO TATEJI.
  1176 | D:1      | 1176 ||| READING scroll labelled URREIS ERCHIA.
  1177 | D:1      | 1177 ||| DRINKING 3 black potions.
  1278 | D:1      | 1278 ||| DROPPING scroll of blinking.
  1279 | D:1      | 1279 ||| DROPPING 2 potions of ambrosia.
  1349 | D:2      | 1349 ||| STAIRDANCE
  1399 | D:2      | 1399 ||| Stepping ~*~*~tactically~*~*~ (stealth).
  1400 | D:2      | 1400 ||| Stepping ~*~*~tactically~*~*~ (stealth).
  1408 | D:2      | 1408 ||| Stepping ~*~*~tactically~*~*~ (stealth).
  1415 | D:2      | Reached XP level 3. HP: 19/21 MP: 7/7
  1467 | D:2      | 1467 ||| Stepping ~*~*~tactically~*~*~ (stealth).
  1472 | D:2      | 1472 ||| Stepping ~*~*~tactically~*~*~ (stealth).
  1611 | D:2      | 1611 ||| FLEEEEING.
  1612 | D:2      | 1612 ||| FLEEEEING.
  1613 | D:2      | 1613 ||| FLEEEEING.
  1614 | D:2      | 1614 ||| FLEEEEING.
  1615 | D:2      | 1615 ||| FLEEEEING.
  1619 | D:2      | 1619 ||| FLEEEEING.
  1620 | D:2      | 1620 ||| FLEEEEING.
  1622 | D:2      | Reached skill level 4 in Axes
  1624 | D:2      | 1624 ||| STAIRDANCE
  1681 | D:1      | 1681 ||| UPGRADING to +0 ring mail.
  1691 | D:1      | 1691 ||| DROPPING +0 leather armour.
  1692 | D:1      | 1692 ||| DRINKING 2 inky potions.
  2262 | D:2      | 2262 ||| DROPPING +2 whip of venom.
  2285 | D:2      | Found a radiant altar of Vehumet.
  2330 | D:2      | You fall into a shaft and drop 1 floor!
  2358 | D:3      | HP: 5/21 [orc wizard/puff of flame (3)]
  2358 | D:3      | HP: 1/21 [orc/+0 war axe (4)]
  2362 | D:3      | Killed from afar by an orc wizard

Levels and vault maps discovered:
D:1:      minmay_arrival_pointy, layout_loops_ring, minmay_misc_feat_enclosed
D:2:      layout_loops_ring, basic_altar
D:3:      layout_basic, chequers_garden, uniq_natasha, uniq_sigmund, uniq_robin

Skill      XL: |  1  2  3 |
---------------+----------+-----
Axes           | 3 4 |  4.5
Fighting       | |  2.0
Throwing       | |  1.0
Armour         | |  1.1
Dodging        | |  2.1
Spellcasting   | |  2.0
Translocations | |  2.4

Action                   || total
-------------------------++-------
Melee: Hand axe          ||    86
       Kick              ||    22
       Peck              ||     9
Throw: Boomerang         ||     7
  Use: Scroll            ||     4
       Potion            ||     2
Armor: Leather armour    ||    10
       Ring mail         ||     4
Dodge: Dodged            ||    38

Table legend:
 A = Non-vault XP
 B = Vault XP
 C = Vault XP percentage of total XP
 D = Non-vault monster count
 E = Vault monster count
 F = Vault count percentage of total count
                 A         B        C        D         E       F
            +---------+---------+-------+---------+---------+-------
      Total |      81 |       0 |   0.0 |      38 |       0 |   0.0
            +---------+---------+-------+---------+---------+-------
        D:1 |      28 |       0 |   0.0 |      16 |       0 |   0.0
        D:2 |      50 |       0 |   0.0 |      21 |       0 |   0.0
        D:3 |       3 |       0 |   0.0 |       1 |       0 |   0.0
            +---------+---------+-------+---------+---------+-------
